 Dungeon Crawl Stone Soup version 0.27.0-1-g7a089689b8 (webtiles) character file.

Game seed: 7382035911106123984

376 hawla the Grave Robber (level 6, 0/35 HPs)
             Began as a Deep Elf Necromancer on Aug 13, 2021.
             Was an Initiate of Ashenzari.
             Slain by an ufetubus (3 damage)
             ... on level 4 of the Dungeon on Aug 14, 2021.
             The game lasted 00:12:03 (4648 turns).

hawla the Grave Robber (Deep Elf Necromancer)       Turns: 4648, Time: 00:12:04

Health: 0/35       AC:  2    Str:  5    XL:     6   Next: 44%
Magic:  10/14      EV: 12    Int: 22    God:    Ashenzari [......]
Gold:   230        SH:  5    Dex: 15    Spells: 2/13 levels left

rFire    . . .     SeeInvis .   h - +0 dagger (speed)
rCold    + . .     Faith    .   c - +1 buckler {rC+}
rNeg     . . .     Spirit   .   a - +0 robe
rPois    .         Reflect  .   (no helmet)
rElec    .         Harm     .   (no cloak)
rCorr    .         Rampage  .   (no gloves)
Will     .....                  (no boots)
Stlth    +++.......             (no amulet)
HPRegen  0.11/turn              (no ring)
MPRegen  0.14/turn              (no ring)

@: no status effects
A: no striking features
a: Renounce Religion, Curse Item


You were on level 4 of the Dungeon.
You worshipped Ashenzari.
Ashenzari was noncommittal.
You visited 1 branch of the dungeon, and saw 4 of its levels.

You collected 230 gold pieces.

Inventory:

Hand Weapons
 h - a +0 dagger of speed (weapon)
Missiles
 j - 8 javelins
Armour
 a - a +0 robe (worn)
 c - a +1 buckler of cold resistance (worn)
Wands
 g - a wand of polymorph (5)
Scrolls
 b - a scroll of fear
 d - 2 scrolls of amnesia
Potions
 e - a potion of flight


   Skills:
 + Level 1.7 Fighting
 + Level 3.0 Dodging
 + Level 4.1 Stealth
 + Level 1.0 Shields
 + Level 4.4 Spellcasting
 + Level 7.0 Necromancy
 + Level 1.0 Evocations


You had 2 spell levels left.
You knew the following spells:

 Your Spells              Type           Power      Damage    Failure   Level
a - Pain                  Necr           100%       1d9       1%          1
b - Vampiric Draining     Necr           18%        2d8       2%          3
c - Animate Dead          Necr           18%        N/A       9%          4
d - Call Canine Familiar  Summ           4%         N/A       43%         3

Your spell library contained the following spells:

 Spells                   Type           Power      Damage    Failure   Level
 Animate Skeleton         Necr           72%        N/A       1%          1
 Agony                    Necr           36%        N/A       24%         5
 Portal Projectile        Hex/Tloc       8%         N/A       43%         3
 Leda's Liquefaction      Hex/Erth       2%         N/A       83%         4


Dungeon Overview and Level Annotations

Branches:
Dungeon (4/15)
 Temple: D:4-7

Altars:
Ashenzari


Message History

You miss the ufetubus.
The ufetubus is almost dead.
The ufetubus hits you.
* * * LOW HITPOINT WARNING * * *
The ufetubus closely misses you.
You hit the ufetubus but do no damage.
The ufetubus is almost dead.
The ufetubus barely misses you. x2
You hit the ufetubus but do no damage.
The ufetubus is almost dead.
The ufetubus hits you.
* * * LOW HITPOINT WARNING * * *
The ufetubus hits you.
* * * LOW HITPOINT WARNING * * *
Your magical contamination has completely faded away.
You feel better. You block the ufetubus's attack. The ufetubus hits you.
* * * LOW HITPOINT WARNING * * *
The ufetubus barely misses you. You block the ufetubus's attack.
You feel better. The ufetubus hits you.
* * * LOW HITPOINT WARNING * * *
The ufetubus hits you.
* * * LOW HITPOINT WARNING * * *
You barely miss the ufetubus.
The ufetubus is almost dead.
The ufetubus barely misses you. x2
You closely miss the ufetubus.
The ufetubus is almost dead.
The ufetubus hits you.
* * * LOW HITPOINT WARNING * * *
You block the ufetubus's attack. The ufetubus completely misses you.
The ufetubus hits you but does no damage.
You closely miss the ufetubus.
The ufetubus is almost dead.
The ufetubus misses you. The ufetubus closely misses you.
Aiming: Pain (safe; 1% risk of failure)
Press: ? - help, Q - select action, (/) - cycle Shift-Dir - straight line, f - nameless horror
Aim: a nameless horror (durably summoned, infinite will)
The ufetubus is unaffected.
The ufetubus hits you.
You die...

#.# #.# #.#### #
#....## .#
######.....##.####
#.................
#.####........#
##....##.. ####@#
# #5# ###o####..#
#.ZX.....#
#...####..# #.###
#.#####..
#....$...
#..####..


You could see a nameless horror, an orc, an ufetubus and a hound skeleton.

Vanquished Creatures
  Sigmund (D:3)
  An ogre (D:4)
  A hound skeleton (D:3)
  6 adders
  A worm (D:2)
  A dart slug (D:1)
  2 orcs (D:3)
  6 ball pythons
  An endoplasm (D:3)
  4 giant cockroaches
  11 goblins
  6 hobgoblins
  9 jackals
  3 kobolds
  4 quokkas
  5 bats
  3 frilled lizards
  9 rats
74 creatures vanquished.

Notes
Turn   | Place    | Note
-------+----------+-------------------------------------------
     0 | D:1      | hawla the Deep Elf Necromancer began the quest for the Orb.
     0 | D:1      | Reached XP level 1. HP: 10/10 MP: 6/6
    86 | D:1      | Reached skill level 5 in Necromancy
   439 | D:1      | Reached XP level 2. HP: 13/15 MP: 6/8
  1423 | D:2      | Identified a scroll of acquirement
  1423 | D:2      | Acquired a +0 buckler of cold resistance
  1474 | D:2      | Reached XP level 3. HP: 16/20 MP: 4/9
  2465 | D:2      | Reached skill level 1 in Fighting
  2847 | D:2      | Learned a level 3 spell: Vampiric Draining
  2877 | D:3      | Reached XP level 4. HP: 22/25 MP: 8/11
  2882 | D:3      | Learned a level 4 spell: Animate Dead
  3102 | D:3      | Found a broken altar of Ashenzari.
  3135 | D:3      | Noticed Sigmund
  3151 | D:3      | Became a worshipper of Ashenzari the Shackled
  3736 | D:3      | Killed Sigmund
  3737 | D:3      | Reached skill level 6 in Necromancy
  3737 | D:3      | Reached skill level 1 in Shields
  3737 | D:3      | Reached skill level 1 in Evocations
  3737 | D:3      | Reached XP level 5. HP: 30/30 MP: 0/13
  4072 | D:3      | Reached XP level 6. HP: 30/35 MP: 9/14
  4405 | D:4      | Reached skill level 7 in Necromancy
  4409 | D:4      | Learned a level 3 spell: Call Canine Familiar
  4623 | D:4      | Noticed a nameless horror
  4642 | D:4      | HP: 1/35 [ufetubus (5)]
  4648 | D:4      | Slain by an ufetubus

Illustrated notes

Levels and vault maps discovered:
D:1:      saegor_arrival_miasma, layout_basic, minmay_misc_feat_pillars
D:2:      layout_loops_ring
D:3:      layout_loops_cross, amcnicky_altar_gilded, uniq_sigmund
D:4:      layout_loops_ring, nicolae_wu_jian_wuxing_cycle, supply_closet_lemuel,
          uniq_eustachio, uniq_natasha

Skill      XL: |  1  2  3  4  5  6 |
---------------+-------------------+-----
Necromancy     | 5 6 7 |  7.0
Stealth        | 3 4 |  4.1
Dodging        | 3 |  3.0
Fighting       | 1 |  1.7
Spellcasting   | 4 |  4.4
Shields        | 1 |  1.0
Evocations     | 1 |  1.0

Action                   |  1- 3 |  4- 6 || total
-------------------------+-------+-------++-------
Melee: Dagger            |    21 |    57 ||    78
       Unarmed           |       |     3 ||     3
 Cast: Pain              |    74 |    37 ||   111
       Vampiric Draining |       |     7 ||     7
       Animate Dead      |       |     2 ||     2
  Use: Scroll            |     6 |     1 ||     7
       Potion            |     1 |     3 ||     4
 Stab: Sleeping          |       |     4 ||     4
Armor: Robe              |     9 |    16 ||    25
Dodge: Dodged            |    32 |    52 ||    84
Block: Buckler           |     4 |    26 ||    30
